| TOP OF THE 1ST |
|
Arkansas Travelers batting - Pitching for Portland Sea Dogs : LHP Francisco Lucero
|
|
Pitching: LHP Francisco Lucero
|
|
|
Batting: RHB Bjoern Waltersson
|
0-0: Called Strike 0-1: Ball 1-1: Ball 2-1: Fly out, F8 (Flyball, 8LD, EV 80.6 MPH)
|
|
Batting: RHB Jasper Burd
|
0-0: Called Strike 0-1: Ball 1-1: SINGLE (Line Drive, 4MD, EV 98.1 MPH)
|
|
Batting: LHB Matt Calitri
|
0-0: Ball 1-0: Fly out, F5 (Popup, 56S, EV 81.2 MPH)
|
|
Batting: RHB Jose Pineda
|
0-0: Called Strike 0-1: Called Strike 0-2: Ball 1-2: SINGLE (Groundball, 34D, EV 103.8 MPH) Jasper Burd to second Runner from 2nd tries for 3rd, SAFE, throw by RF made at trailing runner, OUT! 9-6
|
| Top of the 1st over - 0 runs, 2 hits, 0 errors, 1 left on base; Arkansas 0 - Portland 0 |
| BOTTOM OF THE 1ST |
|
Portland Sea Dogs batting - Pitching for Arkansas Travelers : RHP Robbie Delgado
|
|
Pitching: RHP Robbie Delgado
|
|
|
Batting: LHB Julian Toney
|
0-0: Called Strike 0-1: Ball 1-1: Called Strike 1-2: Ball 2-2: Ball 3-2: Fly out, F8 (Flyball, 89D, EV 95.6 MPH)
|
|
Batting: RHB Nate Dickinson
|
0-0: Ball 1-0: Ball 2-0: Called Strike 2-1: Swinging Strike 2-2: Foul Ball, location: 2F 2-2: Ground out 4-3 (Groundball, 4S, EV 93.8 MPH)
|
|
Batting: LHB Brent Albertson
|
0-0: Ball 1-0: Ball 2-0: Foul Ball, location: 2F 2-1: Ball 3-1: Base on Balls
|
|
Batting: LHB John Bailey
|
0-0: Foul Ball, location: 2F 0-1: Ball 1-1: Ball 2-1: Fly out, F7 (Flyball, 7LM, EV 83.8 MPH)
|
| Bottom of the 1st over - 0 runs, 0 hits, 0 errors, 1 left on base; Arkansas 0 - Portland 0 |
| TOP OF THE 2ND |
|
Arkansas Travelers batting - Pitching for Portland Sea Dogs : LHP Francisco Lucero
|
|
Batting: SHB Mario Padron
|
0-0: Called Strike 0-1: Ball 1-1: Called Strike 1-2: Foul Ball, location: 2F 1-2: Foul Ball, location: 2F 1-2: Strikes out swinging
|
|
Batting: LHB Barrfhionn O'Toole
|
0-0: Ground out 6-3 (Groundball, 6MS, EV 87.5 MPH)
|
|
Batting: LHB Sean Corderman
|
0-0: Ball 1-0: Called Strike 1-1: Foul Ball, location: 2F 1-2: Foul Ball, location: 2F 1-2: Ball 2-2: Ball 3-2: Foul Ball, location: 2F 3-2: Fly out, F7 (Flyball, 78XD, EV 109.4 MPH)
|
| Top of the 2nd over - 0 runs, 0 hits, 0 errors, 0 left on base; Arkansas 0 - Portland 0 |
| BOTTOM OF THE 2ND |
|
Portland Sea Dogs batting - Pitching for Arkansas Travelers : RHP Robbie Delgado
|
|
Batting: RHB Carlos Nolasco
|
0-0: Fly out, F5 (Popup, 5SF, EV 72.5 MPH)
|
|
Batting: LHB Alex Mendoza
|
0-0: Ball 1-0: Ground out 5-3 (Groundball, 5L, EV 100.0 MPH)
|
|
Batting: LHB Arcot Ramathorn
|
0-0: Swinging Strike 0-1: Foul Ball, location: 2F 0-2: SINGLE (Line Drive, 7S, EV 101.2 MPH)
|
|
Batting: RHB Rogelio Losano
|
0-0: Ball 1-0: Fly out, F8 (Flyball, 89M, EV 85.0 MPH)
|
| Bottom of the 2nd over - 0 runs, 1 hit, 0 errors, 1 left on base; Arkansas 0 - Portland 0 |
| TOP OF THE 3RD |
|
Arkansas Travelers batting - Pitching for Portland Sea Dogs : LHP Francisco Lucero
|
|
Batting: RHB David Young
|
0-0: Called Strike 0-1: Ground out U3 (Groundball, 3S, EV 73.1 MPH)
|
|
Batting: RHB Roberto Martinez
|
0-0: Ball 1-0: Ball 2-0: Called Strike 2-1: Foul Ball, location: 2F 2-2: Foul Ball, location: 2F 2-2: Foul Ball, location: 2F 2-2: Strikes out swinging
|
|
Batting: RHB Bjoern Waltersson
|
0-0: Ball 1-0: Ground out 1-3 (Groundball, 15S, EV 65.6 MPH)
|
| Top of the 3rd over - 0 runs, 0 hits, 0 errors, 0 left on base; Arkansas 0 - Portland 0 |
| BOTTOM OF THE 3RD |
|
Portland Sea Dogs batting - Pitching for Arkansas Travelers : RHP Robbie Delgado
|
|
Batting: RHB Norimoto Miyanishi
|
0-0: Ball 1-0: Ground out 6-3 (Groundball, 6, EV 107.5 MPH)
|
|
Batting: LHB Julian Toney
|
0-0: Foul Ball, location: 2F 0-1: Swinging Strike 0-2: SINGLE (Groundball, 34S, EV 75.0 MPH) (infield hit)
|
|
Batting: RHB Nate Dickinson
|
0-0: Ball Julian Toney steals 2nd, throwing error, E2 Julian Toney to third 1-0: Ball 2-0: Foul Ball, location: 2F 2-1: DOUBLE (Line Drive, 9LS, EV 109.4 MPH) Julian Toney scores
|
|
Batting: LHB Brent Albertson
|
0-0: Ball 1-0: SINGLE (Groundball, 6MS, EV 85.0 MPH) (infield hit) Nate Dickinson to third
|
|
Batting: LHB John Bailey
|
0-0: Ball 1-0: Ball Brent Albertson steals 2nd base (no throw) 2-0: Called Strike 2-1: SINGLE (Groundball, 34D, EV 82.5 MPH) (infield hit) Nate Dickinson scores Brent Albertson to third
|
|
Batting: RHB Carlos Nolasco
|
0-0: Called Strike 0-1: Called Strike 0-2: Ball 1-2: Strikes out swinging
|
|
Batting: LHB Alex Mendoza
|
0-0: Called Strike 0-1: Ball 1-1: Ball 2-1: Called Strike 2-2: Foul Ball, location: 2F 2-2: Fly out, F3 (Line Drive, 3, EV 61.9 MPH)
|
| Bottom of the 3rd over - 2 runs, 4 hits, 1 error, 2 left on base; Arkansas 0 - Portland 2 |
| TOP OF THE 4TH |
|
Arkansas Travelers batting - Pitching for Portland Sea Dogs : LHP Francisco Lucero
|
|
Batting: RHB Jasper Burd
|
0-0: Ball 1-0: Bunted foul 1-1: Ball 2-1: Ball 3-1: Called Strike 3-2: Fly out, F3 (Line Drive, 3, EV 71.2 MPH)
|
|
Batting: LHB Matt Calitri
|
0-0: Ground out 5-3 (Groundball, 6, EV 95.6 MPH)
|
|
Batting: RHB Jose Pineda
|
0-0: Ball 1-0: Ball 2-0: Fly out, F8 (Line Drive, 8LM, EV 93.8 MPH)
|
| Top of the 4th over - 0 runs, 0 hits, 0 errors, 0 left on base; Arkansas 0 - Portland 2 |
| BOTTOM OF THE 4TH |
|
Portland Sea Dogs batting - Pitching for Arkansas Travelers : RHP Robbie Delgado
|
|
Batting: LHB Arcot Ramathorn
|
0-0: Ball 1-0: Ground out 4-3 (Groundball, 4M, EV 106.2 MPH)
|
|
Batting: RHB Rogelio Losano
|
0-0: Called Strike 0-1: Called Strike 0-2: Ball 1-2: Strikes out swinging
|
|
Batting: RHB Norimoto Miyanishi
|
0-0: Foul Ball, location: 2F 0-1: Ball 1-1: Ground out 6-3 (Groundball, 56, EV 109.4 MPH)
|
| Bottom of the 4th over - 0 runs, 0 hits, 0 errors, 0 left on base; Arkansas 0 - Portland 2 |
| TOP OF THE 5TH |
|
Arkansas Travelers batting - Pitching for Portland Sea Dogs : LHP Francisco Lucero
|
|
Batting: SHB Mario Padron
|
0-0: Foul Ball, location: 2F 0-1: Ball 1-1: Foul Ball, location: 2F 1-2: Ball 2-2: Ball 3-2: Strikes out swinging, 2-3 out at first.
|
|
Batting: LHB Barrfhionn O'Toole
|
0-0: Called Strike 0-1: Ball 1-1: Ball 2-1: Ball 3-1: Base on Balls
|
|
Batting: LHB Sean Corderman
|
0-0: Ball 1-0: Ball 2-0: Grounds into double play, 1-6-3 (Groundball, P, EV 61.9 MPH)
|
| Top of the 5th over - 0 runs, 0 hits, 0 errors, 0 left on base; Arkansas 0 - Portland 2 |
| BOTTOM OF THE 5TH |
|
Portland Sea Dogs batting - Pitching for Arkansas Travelers : RHP Robbie Delgado
|
|
Batting: LHB Julian Toney
|
0-0: Ball 1-0: SINGLE (Groundball, 25, EV 65.6 MPH) (infield hit)
|
|
Batting: RHB Nate Dickinson
|
0-0: Foul Ball, location: 2F 0-1: DOUBLE (Line Drive, 7LM, EV 105.0 MPH) Julian Toney to third
|
|
Batting: LHB Brent Albertson
|
0-0: Ball 1-0: Ball 2-0: Ball 3-0: Base on Balls
|
|
Pitching: RHP Chad Baxter
|
|
|
Batting: LHB John Bailey
|
0-0: Swinging Strike 0-1: Ball 1-1: Swinging Strike 1-2: Grounds into fielders choice 6-2 (Groundball, 56, EV 91.2 MPH) Nate Dickinson to third Brent Albertson to second
|
|
Batting: RHB Carlos Nolasco
|
0-0: Hit by Pitch Nate Dickinson scores Brent Albertson to third John Bailey to second
|
|
Batting: LHB Alex Mendoza
|
0-0: Ball 1-0: Swinging Strike 1-1: Fly out, F9 (Line Drive, 9, EV 98.8 MPH)
|
|
Batting: LHB Arcot Ramathorn
|
0-0: Ground out 4-3 (Groundball, 34, EV 84.4 MPH)
|
| Bottom of the 5th over - 1 run, 2 hits, 0 errors, 3 left on base; Arkansas 0 - Portland 3 |
| TOP OF THE 6TH |
|
Arkansas Travelers batting - Pitching for Portland Sea Dogs : LHP Francisco Lucero
|
|
Batting: RHB David Young
|
0-0: Called Strike 0-1: Fly out, F5 (Line Drive, 5, EV 67.5 MPH)
|
|
Batting: RHB Roberto Martinez
|
0-0: Foul Ball, location: 2F 0-1: Swinging Strike 0-2: Strikes out swinging
|
|
Batting: RHB Bjoern Waltersson
|
0-0: Swinging Strike 0-1: Ball 1-1: Called Strike 1-2: Ball 2-2: Ball 3-2: Ground out 4-3 (Groundball, 4S, EV 90.6 MPH)
|
| Top of the 6th over - 0 runs, 0 hits, 0 errors, 0 left on base; Arkansas 0 - Portland 3 |
| BOTTOM OF THE 6TH |
|
Portland Sea Dogs batting - Pitching for Arkansas Travelers : RHP Chad Baxter
|
|
Batting: RHB Rogelio Losano
|
0-0: Foul Ball, location: 2F 0-1: Called Strike 0-2: Strikes out swinging
|
|
Batting: RHB Norimoto Miyanishi
|
0-0: Called Strike 0-1: Swinging Strike 0-2: Ball 1-2: Ball 2-2: Ball 3-2: Strikes out looking
|
|
Batting: LHB Julian Toney
|
0-0: Called Strike 0-1: Ground out U3 (Groundball, 3, EV 110.0 MPH)
|
| Bottom of the 6th over - 0 runs, 0 hits, 0 errors, 0 left on base; Arkansas 0 - Portland 3 |
| TOP OF THE 7TH |
|
Arkansas Travelers batting - Pitching for Portland Sea Dogs : LHP Francisco Lucero
|
|
Batting: RHB Jasper Burd
|
0-0: Foul Ball, location: 2F 0-1: Ball 1-1: Ball 2-1: Swinging Strike 2-2: Ground out 4-3 (Groundball, 4, EV 85.6 MPH)
|
|
Batting: LHB Matt Calitri
|
0-0: Called Strike 0-1: Ball 1-1: Foul Ball, location: 2F 1-2: Strikes out looking
|
|
Batting: RHB Jose Pineda
|
0-0: Swinging Strike 0-1: Ball 1-1: Ball 2-1: Swinging Strike 2-2: Ball 3-2: Ground out 6-3 (Groundball, 6, EV 100.0 MPH)
|
| Top of the 7th over - 0 runs, 0 hits, 0 errors, 0 left on base; Arkansas 0 - Portland 3 |
| BOTTOM OF THE 7TH |
|
Portland Sea Dogs batting - Pitching for Arkansas Travelers : RHP Chad Baxter
|
|
Pitching: RHP Jason Smallwood
|
|
|
Batting: RHB Nate Dickinson
|
0-0: Ball 1-0: Ball 2-0: Fly out, F9 (Flyball, 9LM, EV 90.6 MPH)
|
|
Batting: LHB Brent Albertson
|
0-0: Called Strike 0-1: Ground out 1-3 (Groundball, 15S, EV 66.9 MPH)
|
|
Batting: LHB John Bailey
|
0-0: Ball 1-0: Called Strike 1-1: Ball 2-1: Called Strike 2-2: Ball 3-2: Foul Ball, location: 2F 3-2: Base on Balls
|
|
Batting: RHB Carlos Nolasco
|
0-0: Ball 1-0: Called Strike John Bailey steals 2nd base 1-1: Ball 2-1: Foul Ball, location: 2F 2-2: Strikes out swinging
|
| Bottom of the 7th over - 0 runs, 0 hits, 0 errors, 1 left on base; Arkansas 0 - Portland 3 |
| TOP OF THE 8TH |
|
Arkansas Travelers batting - Pitching for Portland Sea Dogs : LHP Francisco Lucero
|
|
Batting: SHB Mario Padron
|
0-0: Fly out, F8 (Flyball, 8LD, EV 98.1 MPH)
|
|
Pinch Hitting: RHB Melvin Gomez
|
0-0: Called Strike 0-1: Ball 1-1: Swinging Strike 1-2: Ball 2-2: Fly out, F8 (Line Drive, 8LM, EV 91.9 MPH)
|
|
Batting: LHB Sean Corderman
|
0-0: Called Strike 0-1: Foul Ball, location: 2F 0-2: Ball 1-2: Strikes out swinging
|
| Top of the 8th over - 0 runs, 0 hits, 0 errors, 0 left on base; Arkansas 0 - Portland 3 |
| BOTTOM OF THE 8TH |
|
Portland Sea Dogs batting - Pitching for Arkansas Travelers : RHP Jason Smallwood
|
|
Now in LF: Tyler Meier
|
|
|
Now in RF: Mario Padron
|
|
|
Batting: LHB Alex Mendoza
|
0-0: Swinging Strike 0-1: Ball 1-1: Ball 2-1: Fly out, F8 (Line Drive, 89M, EV 106.9 MPH)
|
|
Batting: LHB Arcot Ramathorn
|
0-0: Ball 1-0: Called Strike 1-1: Fly out, F7 (Flyball, 78D, EV 108.1 MPH)
|
|
Batting: RHB Rogelio Losano
|
0-0: Called Strike 0-1: Ball 1-1: SINGLE (Groundball, 6D, EV 108.1 MPH)
|
|
Batting: RHB Norimoto Miyanishi
|
0-0: Ball 1-0: Ground out 6-3 (Groundball, 6S, EV 66.2 MPH)
|
| Bottom of the 8th over - 0 runs, 1 hit, 0 errors, 1 left on base; Arkansas 0 - Portland 3 |
| TOP OF THE 9TH |
|
Arkansas Travelers batting - Pitching for Portland Sea Dogs : LHP Francisco Lucero
|
|
Pitching: RHP Michael Vazquez
|
|
|
Batting: RHB David Young
|
0-0: Ground out 4-3 (Groundball, 4S, EV 90.6 MPH)
|
|
Batting: RHB Roberto Martinez
|
0-0: Called Strike 0-1: Ball 1-1: Foul Ball, location: 2F 1-2: Ball 2-2: Strikes out swinging
|
|
Batting: RHB Bjoern Waltersson
|
0-0: Ball 1-0: Ball 2-0: Called Strike 2-1: Ball 3-1: Fly out, F9 (Flyball, 89XD, EV 85.6 MPH)
|
| Top of the 9th over - 0 runs, 0 hits, 0 errors, 0 left on base; Arkansas 0 - Portland 3 |
|